 Dungeon Crawl Stone Soup version 0.22-a0-247-gbddf880 (webtiles) character file.

4 Amnesiac the Charlatan (level 1, 0/11 HPs)
             Began as a Deep Elf Artificer on Feb 24, 2018.
             Slain by a jackal (3 damage)
             ... on level 1 of the Dungeon.
             The game lasted 00:00:07 (110 turns).

Amnesiac the Charlatan (Deep Elf Artificer)          Turns: 110, Time: 00:00:08

Health: 0/11       AC:  3    Str:  9    XL:     1   Next: 58%
Magic:  5/5        EV: 12    Int: 15    God:
Gold:   4          SH:  0    Dex: 15    Spells: 0/0 levels left

rFire    . . .     SeeInvis .   a - +0 short sword
rCold    . . .     Gourm    .   (no shield)
rNeg     . . .     Faith    .   b - +0 leather armour
rPois    .         Spirit   .   (no helmet)
rElec    .         Reflect  .   (no cloak)
rCorr    .         Harm     .   (no gloves)
MR       .....                  (no boots)
Stlth    ++........             (no amulet)
HPRegen  0.03/turn              (no ring)
MPRegen  0.09/turn              (no ring)

@: no status effects
A: no striking features
a: no special abilities


You were on level 1 of the Dungeon.
You were not hungry.

You visited 1 branch of the dungeon, and saw 1 of its levels.

You collected 4 gold pieces.

Inventory:

Hand Weapons
 a - a +0 short sword (weapon)
Missiles
 g - 13 poisoned needles
Armour
 b - a +0 leather armour (worn)
Wands
 c - a wand of flame (15)
 d - a wand of enslavement (15)
 e - a wand of random effects (15)
Comestibles
 f - a ration


   Skills:
 - Level 0.7 Fighting
 + Level 1.7 Short Blades
 - Level 2.4 Dodging
 - Level 1.2 Stealth
 - Level 3.2 Evocations


You couldn't memorise any spells.
You didn't know any spells.

Dungeon Overview and Level Annotations

Branches:
Dungeon (1/15)

Altars:


Message History

Welcome, Amnesiac the Deep Elf Artificer.
The bosom of this dungeon contains the fabled artefact, the Orb of Zot.
Press ? for a list of commands and other information.
Found 25 stones and 4 gold pieces.
Found a staircase leading out of the dungeon.
You now have 4 gold pieces.
There is a dry fountain here.
g - 13 poisoned needles A goblin comes into view.
It is wielding a dagger.
The goblin shouts!
A goblin is nearby!
A bat comes into view.
You barely miss the goblin. The goblin hits you but does no damage.
You barely miss the goblin.
You hear an angry hiss.
The goblin hits you with a dagger.
You hit the goblin.
The goblin is severely wounded.
The goblin hits you with a dagger. The bat closely misses you.
A leopard gecko comes into view.
You miss the goblin.
The goblin is severely wounded.
The bat barely misses you. The goblin hits you with a dagger.
The leopard gecko moves out of view.
You hit the goblin.
You kill the goblin!
The bat barely misses you.
A jackal comes into view.
You hit the leopard gecko.
The leopard gecko is almost dead.
The leopard gecko bites you.
* * * LOW HITPOINT WARNING * * *
The bat closely misses you. The leopard gecko barely misses you.
You hit the leopard gecko.
You kill the leopard gecko!
The bat hits you but does no damage.
You hit the bat.
You kill the bat!
The jackal misses you.
The jackal bites you but does no damage.
Found 2 gold pieces.
You barely miss the jackal. The jackal closely misses you.
You barely miss the jackal.
The jackal bites you but does no damage.
The jackal bites you.
* * * LOW HITPOINT WARNING * * *
You barely miss the jackal. The jackal closely misses you.
You closely miss the jackal.
The jackal bites you but does no damage.
The jackal misses you.
You hit the jackal.
The jackal is heavily wounded.
The jackal bites you but does no damage.
You hit the jackal but do no damage.
The jackal is heavily wounded.
The jackal bites you but does no damage.
You closely miss the jackal.
The jackal is moderately wounded.
The jackal bites you but does no damage. x2
You closely miss the jackal.
The jackal is moderately wounded.
The jackal bites you.
You die...

...# ######...+
#........#
#........
############......#
#.................#
#.########.....h..#
#. #.# #?...@...#
#.# ## #.#
#........# #.###.
#.# ###+#)...#
#.##.. #.# $.......
#.##.. #.#
........# #.#...
#.# .........#
#.#... #.#
.......... #.....
#.# #+#+#.#####
#.#... #.# .#
#.#...


You could see a jackal.

Vanquished Creatures
  A leopard gecko (D:1)
  A bat (D:1)
  A goblin (D:1)
3 creatures vanquished.

Notes
Turn   | Place    | Note
-------+----------+-------------------------------------------
     0 | D:1      | Amnesiac the Deep Elf Artificer began the quest for the Orb.
     0 | D:1      | Reached XP level 1. HP: 11/11 MP: 5/5
   110 | D:1      | Slain by a jackal

Vault maps used:
D:1:      dpeg_arrival_stone_temple_mockup

Action                   || total
-------------------------++-------
Melee: Short sword       ||    16
Armor: Leather armour    ||     9
Dodge: Dodged            ||     9

Table legend:
 A = Spawn XP
 B = Non-spawn XP
 C = Spawn XP percentage of total XP
 D = Spawn monster count
 E = Non-spawn monster count
 F = Spawn count percentage of total count
 G = Total turns spent on level
                    A         B        C        D         E        F      G
               +---------+---------+-------+---------+---------+-------+---------
         Total |       0 |       7 |   0.0 |       0 |       3 |   0.0 |   110
               +---------+---------+-------+---------+---------+-------+---------
           D:1 |       0 |       7 |   0.0 |       0 |       3 |   0.0 |   110
               +---------+---------+-------+---------+---------+-------+---------
